cohdb
Replays
Latest Replays
All Replays
Popular Replays
Top Player Replays
Match Explorer
How It Works
Community
CoH3 Stats
Reddit
Sign in to upload your games and track your stats! →
Sign in with Steam
Match 41391031
Unlisted
Match 41391031
Overview
Messages
Build Orders
End
Construct Section Command Post
Royal Engineer Section
Selects Canadian Shock Battlegroup
Dingo Light Scout Car
Infantry Section
Selects Offensive Resupply
Selects Canadian Shock Section
Canadian Shock Section
Grenade Package
Construct Platoon Command Post
Humber Armored Car
Construct Field Infirmary
Selects Incendiary Munitions
6-pounder Anti-tank Gun Team
Canadian Shock Section
Selects Pyrotechnics
Infantry Training
Infantry Section
Infantry Section
Construct Company Command Post
Foot Guards Section
Unlock M3 Grant Medium Tanks
Cpl.Mackinnon
germanpritykin
GEORGE LITTLEHOOF
blackbirddayo
0
0
Comments
sign in to comment!
No comments posted yet!